 Dungeon Crawl Stone Soup version 0.31-a0-1522-g43313d8a59 (webtiles) character file.

Game seed: 4712725842216761091

51 AstroCodex24 the Covered (level 3, -2/30 HPs)
             Began as a Barachi Fighter on Dec 31, 2023.
             Splashed by a jelly's acid (10 damage)
             ... on level 5 of the Dungeon.
             The game lasted 00:02:41 (569 turns).

AstroCodex24 the Covered (Barachi Fighter)           Turns: 569, Time: 00:02:41

Health: -2/30      AC:  0    Str: 19    XL:     3   Next: 83%
Magic:  3/3        EV:  9    Int: 14    God:
Gold:   92         SH:  4    Dex: 11    Spells: 2/2 levels left

rFire   . . .        a - +0 war axe
rCold   . . .        c - +0 buckler
rNeg    . . .        b - +0 scale mail
rPois   .            (no helmet)
rElec   .            (no cloak)
rCorr   .            (no gloves)
SInv    .            (no boots)
Will    .....        (no amulet) Stlth
                     g - +6 ring of intelligence
HPRegen 0.25/turn    (no ring)
MPRegen 0.08/turn

%: no passive effects
@: corroded, slow
A: amphibious, slowness 1, strong legs 1, +LOS
a: Hop


You were on level 5 of the Dungeon.
You visited 1 branch of the dungeon, and saw 5 of its levels.

You collected 92 gold pieces.

Inventory:

Hand Weapons
 a - a +0 war axe (weapon)
Armour
 b - a +0 scale mail (worn)
 c - a +0 buckler (worn)
Jewellery
 g - a +6 ring of intelligence (left hand)
Wands
 n - a wand of mindburst (11)
Scrolls
 e - 2 scrolls of fear {unknown}
 h - a scroll of identify {unknown}
 j - a scroll of enchant armour {unknown}
 l - a scroll of enchant weapon {unknown}
 o - a scroll of teleportation {unknown}
 q - a scroll of acquirement {unknown}
 r - a scroll of vulnerability {unknown}
Potions
 d - a potion of might
 f - a potion of heal wounds {unknown}
 i - a potion of brilliance {unknown}
 k - a potion of curing {unknown}
 m - a potion of degeneration {unknown}
 p - a potion of attraction {unknown}


   Skills:
 + Level 4.0 Fighting
 + Level 3.0 Axes
 + Level 4.2 Armour
 + Level 0.6 Dodging
 + Level 3.7 Shields


You had 2 spell levels left.
You didn't know any spells.
Your spell library was empty.

Dungeon Overview and Level Annotations

Branches:
Dungeon (5/15)             Temple (0/1) D:5

Altars:

Shops:
D:2 :=


Innate Abilities, Weirdness & Mutations

You are amphibious.
You cover ground slowly.
You can hop short distances.
You have an extended range of vision and can be seen from far away.


Message History

The adder bites you but does no damage.
You slash the adder!
You kill the adder!
Your Axes skill increases to level 3!
You now have 72 gold pieces (gained 18).
There is a stone staircase leading down here.
You climb downwards.
Found 20 gold pieces.
There is a stone staircase leading up here.
Found a stone staircase leading up.
You now have 92 gold pieces (gained 20).
Found a robe.
There is a stone staircase leading up here.
Found a flail.
Found a scale mail.
You see here a +0 flail.
Found a staircase to the Ecumenical Temple.
Found a scroll labelled DOUSEO SEIT.
Found a scroll labelled DIONLA CAEFE.
q - a scroll labelled DOUSEO SEIT
Found 16 gold pieces.
r - a scroll labelled DIONLA CAEFE A jelly comes into view.
Found a ring mail and a robe.
Found an escape hatch in the ceiling.
Found a stone staircase leading down.
You block the jelly's attack. The jelly hits you but does no damage.
The jelly hits you.
You are splashed with acid!
You slash the jelly!
Your hands burn!
The jelly is heavily wounded.
You block the jelly's attack. The jelly hits you but does no damage.
You hit the jelly. The acid corrodes you!
Your hands burn!
The jelly is almost dead.
The jelly misses you.
You hit the jelly but do no damage. The acid corrodes you!
Your hands burn!
The jelly is almost dead.
The jelly hits you.
* * * LOW HITPOINT WARNING * * *
You are splashed with acid!
You die...

.. #
...#.##....##.......
.#
..##......##....######
#. #
..##.>....#..##### ##
#......##.#.......
#.#.##........### .
#.....#.##..#
...[##.$#.....#
##.....J.##..#
...#.##@....## .[
#....##...# .........
.....# ####.#.....
###.# #........ #
#...<..... ##.......#.
##..>..##.# ##...## #


You could see a jelly.

Vanquished Creatures
  3 adders
  A ribbon worm (D:2)
  2 ball pythons
  3 bats
  2 endoplasms
  A goblin (D:3)
  2 kobolds
  4 quokkas
  4 rats
22 creatures vanquished.

Notes
Turn   | Place    | Note
-------+----------+-------------------------------------------
     0 | D:1      | AstroCodex24 the Barachi Fighter began the quest for the
                  | Orb.
     0 | D:1      | Reached XP level 1. HP: 18/18 MP: 1/1
    21 | D:1      | Found a faded altar of an unknown god.
   155 | D:2      | Found Tezaifi's Book Shop.
   171 | D:2      | Reached XP level 2. HP: 24/25 MP: 2/2
   201 | D:2      | Found Waynubu's Jewellery Emporium.
   272 | D:2      | Reached XP level 3. HP: 26/30 MP: 3/3
   495 | D:5      | Entered Level 5 of the Dungeon
   535 | D:5      | Found a staircase to the Ecumenical Temple.
   569 | D:5      | Splashed by a jelly's acid

Illustrated notes

Levels and vault maps discovered:
D:1:      ncdulo_watergridlock, layout_rooms, shapermc_ecumenical_altar_pompeii,
          serial_shops, nicolae_shop_peninsula, hangedman_decor_peaks_small
D:2:      layout_rooms, serial_shops, nicolae_square_shop,
          nicolae_shop_drivethru, shop, shop, shop, serial_bayou,
          serial_bayou_pond_e, serial_bayou_shore_b, serial_bayou_shore_b,
          serial_bayou_pond_d, serial_bayou_crossing
D:3:      layout_basic, vehumet_altar_wand_db, mainiacjoe_overflow_24_doors,
          mainiacjoe_overflow_concentric_impassable
D:4:      layout_basic, nicolae_gozag_cash_rules_everything_around_me,
          uniq_grinder
D:5:      layout_loops_ring, lemuel_zombie_altar_kikubaaqudgha,
          minmay_temple_entry_ruins, minmay_misc_feat_more_columns,
          minmay_liquid_box, nicolae_zen_rock_garden, uniq_eustachio

Skill      XL: |  1  2  3 |
---------------+----------+-----
Armour         | 4 |  4.2
Fighting       | 4 |  4.0
Axes           | 3 |  3.0
Dodging        | |  0.6
Shields        | |  3.7

Action                     || total
---------------------------++-------
  Melee: War axe           ||    60
 Armour: Scale mail        ||    76
  Dodge: Dodged            ||    47
  Block: Buckler           ||    24

Table legend: (Time is in decaauts)
 A = Elapsed time spent in this place.
 B = Non-inter-level travel time spent in this place.
 C = Inter-level travel time spent in this place.
 D = Time resting spent in this place.
 E = Time spent auto-exploring this place.
 F = Levels seen in this place.
 G = Mean time per level.
                   A        B        C        D        E       F      G
               +--------+--------+--------+--------+--------+-----+--------+
         Total |    688 |    682 |      6 |      0 |      0 |   5 |  137.6 |
       Dungeon |    688 |    682 |      6 |      0 |      0 |   5 |  137.6 |
               +--------+--------+--------+--------+--------+-----+--------+

Top non-repeatable levels by time:
     D:2: 194 daAuts
     D:1: 183 daAuts
     D:3: 134 daAuts
     D:4: 88 daAuts
     D:5: 88 daAuts
